 Dungeon Crawl Stone Soup version 0.21.1-1-g345015f (webtiles) character file.

106590 Krilegs the Severer (level 16, -13/147 HPs)
             Began as a Hill Orc Fighter on May 8, 2018.
             Was the Champion of Beogh.
             Shot with an arrow by a deep elf master archer (28 damage)
             ... on level 3 of the Elven Halls.
             The game lasted 01:47:42 (23110 turns).

Krilegs the Severer (Hill Orc Fighter)             Turns: 23110, Time: 01:47:43

Health: -13/147    AC: 28    Str: 35    XL:     16   Next: 44%
Magic:  19/20      EV:  9    Int:  8    God:    Beogh [******]
Gold:   2053       SH: 18    Dex: 13    Spells: 17/17 levels left

rFire    + + .     SeeInvis +   G - +1 war axe (elec)
rCold    + + .     Gourm    .   c - +0 shield
rNeg     . . .     Faith    .   u - +2 plate armour {rF+}
rPois    +         Spirit   .   K - +2 hat
rElec    +         Reflect  +   (no cloak)
rCorr    +         Harm     .   l - +2 pair of gloves {Dex+3}
MR       +....     Clarity  +   Z - +1 pair of boots {Fly}
Stlth    ..........             e - +3 amulet of reflection
HPRegen  0.34/turn              k - ring of see invisible
MPRegen  0.17/turn              y - ring "Garphaasch" {Str+4 Dex+2}

@: mighty, resistant, flying, hasted, studying Axes, very quick
A: walk on water, antennae 1, thin metallic scales 1, camouflage 1, clarity,
clumsy 1, cold resistance 1, evolution 1
a: Smiting, Recall Orcish Followers, Give Item to Named Follower, Resurrection,
Renounce Religion, Stop Flying


You were on level 3 of the Elven Halls.
You worshipped Beogh.
Beogh was exalted by your worship.
You were not hungry.

You visited 5 branches of the dungeon, and saw 21 of its levels.
You visited the Abyss 1 time.
You also visited: Ossuary and Bailey.

You collected 2053 gold pieces.

Inventory:

Hand Weapons
 n - a +0 battleaxe of flaming
 r - a +1 battleaxe of freezing
 A - a +0 hand axe of flaming
 E - the +11 spear "Riuris" {pain, rN+, unknown}
   (You took it off a deep elf demonologist on level 1 of the Elven Halls)

   In the hands of one skilled in necromantic magic, it inflicts extra damage on
   living creatures.
   It protects you from negative energy.
 G - a +1 war axe of electrocution (weapon)
 H - a +4 vampiric demon blade
 W - a +1 scimitar of flaming
 X - the +5 scythe "Finisher" {speed, Str+3}
   (You found it on level 8 of the Dungeon)

   Attacks with this weapon are significantly faster.
   It affects your strength (+3).
Missiles
 v - 485 arrows
Armour
 c - a +0 shield (worn)
 l - a +2 pair of gloves of dexterity (worn)
 u - a +2 plate armour of fire resistance (worn)
 K - a +2 hat (worn)
 Z - a +1 pair of boots of flying (worn)
Magical Staves
 s - an uncursed staff of cold
Jewellery
 d - an uncursed ring of positive energy
 e - a +3 amulet of reflection (around neck)
 h - an uncursed ring of ice
 k - a ring of see invisible (left hand)
 y - the ring "Garphaasch" (right hand) {Str+4 Dex+2}
   (You found it on level 9 of the Dungeon)

   [ring of dexterity]

   It affects your strength (+4).
   It affects your dexterity (+2).
 M - an uncursed amulet of regeneration
 O - an uncursed ring of resist corrosion
Wands
 m - a wand of iceblast (15)
 q - a wand of paralysis (1)
 B - a wand of random effects (25)
 N - a wand of flame (53)
 U - a wand of disintegration (9)
 V - a wand of scattershot (3)
Scrolls
 a - a scroll of silence {unknown}
 i - 7 scrolls of remove curse
 j - a scroll of enchant armour
 p - a scroll of fog
 t - 3 scrolls of teleportation
 x - 5 scrolls of amnesia
 C - 3 scrolls of enchant weapon
 D - 2 scrolls of blinking
 I - a scroll of magic mapping
 R - a scroll of fear
Potions
 b - 5 potions of curing
 w - 5 potions of brilliance
 F - a potion of lignification {unknown}
 J - 3 potions of cancellation
 Q - 2 potions of resistance
Books
 o - a manual of Axes
Comestibles
 f - 23 rations


   Skills:
 + Level 14.8 Fighting
 + Level 1.6 Long Blades
 + Level 19.1 Axes
   Level 1.5(11.3) Maces & Flails
 + Level 1.5(1.8) Staves
   Level 1.2 Bows
 + Level 1.2 Throwing
 + Level 14.6 Armour
 - Level 0.4 Dodging
 - Level 0.1 Stealth
 + Level 15.2 Shields
 + Level 1.5 Unarmed Combat
 + Level 1.0 Spellcasting
 + Level 5.4 Invocations
 + Level 3.1 Evocations


You had 17 spell levels left.
You didn't know any spells.

Dungeon Overview and Level Annotations

Branches:
Dungeon (12/15)            Temple (0/1) D:6            Lair (3/6) D:10
 Shoals (1/4) Lair:3          Orc (2/2) D:12            Elf (3/3) Orc:2
  Snake: Lair:2-4    Spider: Lair:2-4

Altars:
Dithmenos
Hepliaklqana
Trog
Vehumet
Beogh

Shops:
D:5 (   D:6 }   D:7 (   Orc:2 %[=:

Portals:
Trove: Elf:1 (lose all piety)


Innate Abilities, Weirdness & Mutations

You can walk on water.
You have a pair of small antennae on your head.
You are partially covered in thin metallic scales. (AC +2)
Your skin changes colour to match your surroundings (Stealth+).
You possess an exceptional clarity of mind.
You are clumsy. (Dex -2)
Your flesh is cold resistant. (rC+)
You evolve.


Message History

The arrow hits you!
* * * LOW HITPOINT WARNING * * *
The deep elf annihilator mumbles some strange words.
The deep elf annihilator blinks!
You block the large abomination's attack.
You slice the large abomination!!
Lightning courses through the large abomination!
The large abomination is moderately damaged.
You completely miss the large abomination.
A crawling corpse merges with a large abomination.
Your plate armour prevents you from hitting the large abomination.
The large abomination is moderately damaged.
You miss the large abomination. You slash the deep elf master archer!
The large abomination hits you.
* * * LOW HITPOINT WARNING * * *
An orc comes into view. It is wielding a club.
The deep elf master archer wields a longbow.
The deep elf master archer shoots an arrow.
The arrow hits you!!
You die...

####
###.......#'####
...### #...........#
.....# #...........#
.....###...........#
...[.'oo........)..+
oo...###.......)...#
.....# #........)..#
...###
#.......§..e####
####
###......@(Xe..#
###...§.#Xe).#
#######.)).# #.*.#
§e.# ..... #e####


.eo ..E You could see 2 deep elf master archers, a deep elf annihilator, 2 large
abominations and a battlesphere.

Vanquished Creatures
  Gastronok (Lair:2)
  A deep elf elementalist (Elf:3)
  3 deep elf demonologists (Elf:3)
  A deep elf annihilator (Elf:3)
  2 deep elf death magi (Elf:3)
  A merfolk impaler (Shoals:1)
  Fannar (D:11)
  Harold (D:11)
  A catoblepas (D:11)
  Erica (D:11)
  2 two-headed ogres
  Nergalle (Lair:3)
  A deep elf knight (Elf:2)
  A small abomination (Elf:3)
  A sea snake (Shoals:1)
  2 unseen horrors
  2 orc knights (Orc:2)
  4 harpies (Shoals:1)
  4 deep elf magi
  A salamander (shapeshifter) (Elf:1)
  An ugly thing (D:9)
  An elephant (Lair:3)
  A manticore (Lair:3)
  2 centaur skeletons (D:10)
  3 spiny frogs
  A smoke demon (Abyss:3)
  2 komodo dragons (Lair:3)
  4 trolls
  A polar bear (D:12)
  3 slime creatures
  A snapping turtle (Shoals:1)
  7 hippogriffs
  3 wraiths (D:8)
  A large abomination (Abyss:3)
  A water elemental (Elf:1)
  Grum (D:11)
  A wyvern (Lair:1)
  20 yaks
  A ynoxinul (Abyss:3)
  A hungry ghost (D:9)
  3 vampire mosquitoes (D:12)
  A neqoxec (Abyss:3)
  Menkaure (D:6)
  A warg (Orc:2)
  The ghost of Iko the Skirmisher, an amateur GrCK of Xom (D:5)
  A water moccasin (Lair:1)
  10 orc warriors
  3 porcupines
  A hornet zombie (D:11)
  A phantom (D:5)
  A black bear (D:11)
  10 ice beasts
  The ghost of Irikuri the Chopper, an amateur HuBe of Trog (D:3)
  2 wolves (D:11)
  9 centaurs
  7 ogres
  2 crocodiles
  3 big kobolds
  2 elf zombies (Ossuary)
  6 bullfrogs
  A gnoll sergeant (D:8)
  A wyvern skeleton (D:6)
  A scorpion (D:11)
  A killer bee (D:9)
  4 wights (D:10)
  5 electric eels (D:8)
  A bullfrog zombie (D:10)
  4 crimson imps
  A centaur zombie (D:5)
  4 hounds
  3 jellies
  A bullfrog skeleton (D:8)
  7 orc priests
  Jessica (D:3)
  5 iguanas
  7 orc wizards
  4 worker ants
  A hound zombie (D:11)
  4 mummies (Ossuary)
  3 gnolls (D:8)
  8 adders
  3 shadow imps
  2 white imps (D:12)
  3 oozes
  An adder skeleton (D:7)
  6 adder zombies
  3 worms
  3 dart slugs
  8 leopard geckos
  31 orcs
  2 giant cockroaches (D:5)
  6 goblins
  9 hobgoblins
  4 jackals
  4 quokkas
  6 bats
  2 frilled lizards
  A goblin zombie (D:5)
  3 jackal zombies (Ossuary)
  19 kobolds
  A kobold zombie (Ossuary)
  A leopard gecko zombie (D:8)
  2 orc zombies (Ossuary)
  2 quokka zombies
  7 rats
  2 rat zombies
  2 crawling corpses (Elf:3)
  A fungus (Lair:3)
  2 plants (Shoals:1)
357 creatures vanquished.

Vanquished Creatures (collateral kills)
  Mara (Elf:3)
  Saint Roka (Orc:2)
  2 deep elf blademasters (Elf:3)
  A deep elf master archer (Elf:3)
  5 deep elf sorcerers (Elf:3)
  The ghost of cultivahabas the Grappler, a journeyman TrMo of Nemelex Xobeh (Orc:2)
  A deep elf annihilator (Elf:3)
  3 deep elf demonologists
  Azrael (Orc:2)
  An ettin (Orc:2)
  Snorg (D:12)
  A deep elf death mage (Elf:3)
  3 deep elf high priests
  6 two-headed ogres
  22 dancing weapons
  5 orc high priests
  13 deep elf knights
  An unseen horror (D:11)
  5 deep elf archers
  2 orc knights (Orc:1)
  A faun (Shoals:1)
  5 harpies (Shoals:1)
  5 orc sorcerers
  25 deep elf magi
  2 cyclopes (Orc:2)
  2 elephants (Lair:3)
  A smoke demon (Elf:2)
  A black mamba (Lair:1)
  2 gargoyles
  4 spiny frogs
  2 centaur skeletons
  A komodo dragon (Lair:3)
  A freezing wraith (D:12)
  2 merfolk (Shoals:1)
  A wind drake (Shoals:1)
  A polar bear (shapeshifter) (Elf:1)
  2 trolls
  2 slime creatures (D:12)
  An air elemental (Elf:1)
  A spriggan (D:8)
  A water elemental (Elf:2)
  A vampire (D:10)
  10 yaks
  A hungry ghost (D:12)
  A wraith (D:8)
  4 fire elementals
  A wyvern (D:9)
  A vampire mosquito (D:12)
  A steam dragon (D:11)
  2 wargs (Orc:2)
  2 water moccasins
  2 hell hounds (Orc:2)
  A porcupine (Lair:3)
  A hornet zombie (D:12)
  5 ice beasts (D:12)
  18 orc warriors
  9 ogres
  A wolf (D:11)
  8 centaurs
  A crocodile (Lair:2)
  3 earth elementals (Elf:1)
  8 bullfrogs
  A scorpion (D:11)
  3 killer bees (D:9)
  A wight (D:11)
  3 crimson imps
  8 orc priests
  A bullfrog skeleton (D:12)
  2 hounds (D:11)
  2 orc wizards
  An iguana (D:12)
  3 worker ants
  A gnoll (Orc:2)
  34 orcs
  A jackal (D:11)
  A jackal zombie (D:9)
  A butterfly (Lair:3)
  3 plants
286 creatures vanquished.

Vanquished Creatures (others)
  An orc warlord (Orc:2)
  2 orc sorcerers (Elf:1)
  13 orc knights
  2 deep elf magi (Elf:1)
  A cyclops (D:11)
  35 orc warriors
  2 centaurs
  31 orc priests
  6 orc wizards
  A leopard gecko (D:3)
  92 orcs
  A plant (Shoals:1)
187 creatures vanquished.

Grand Total: 830 creatures vanquished

Notes
Turn   | Place    | Note
-------+----------+-------------------------------------------
     0 | D:1      | Krilegs the Hill Orc Fighter began the quest for the Orb.
     0 | D:1      | Reached XP level 1. HP: 19/19 MP: 1/1
    96 | D:1      | Reached XP level 2. HP: 24/27 MP: 2/2
   267 | D:1      | Reached skill level 3 in Axes
   390 | D:2      | Reached XP level 3. HP: 33/33 MP: 3/3
   923 | D:2      | Reached XP level 4. HP: 40/40 MP: 4/4
   968 | D:3      | Noticed Irikuri's ghost (amateur HuBe)
   982 | D:3      | Killed Irikuri's ghost
   982 | D:3      | Reached skill level 4 in Axes
   982 | D:3      | Reached XP level 5. HP: 30/47 MP: 5/5
   986 | D:3      | Gained mutation: Your mind is acute. (Int +2) [potion of mutation]
   986 | D:3      | Gained mutation: You are frail. (-10% HP) [potion of mutation]
   986 | D:3      | Gained mutation: You are covered in fur. (AC +1) [potion of mutation]
  1169 | D:3      | Became a worshipper of Beogh the Brigand
  1173 | D:3      | Noticed Jessica
  1179 | D:3      | Killed Jessica
  1847 | D:4      | Reached skill level 5 in Axes
  1847 | D:4      | Reached XP level 6. HP: 37/47 MP: 6/6
  2215 | D:4      | Lost mutation: You are frail. (-10% HP) [potion of mutation]
  2215 | D:4      | Lost mutation: Your mind is acute. (Int +2) [potion of mutation]
  2215 | D:4      | Lost mutation: You are covered in fur. (AC +1) [potion of mutation]
  2215 | D:4      | Gained mutation: Your magical capacity is low. (-10% MP) [potion of mutation]
  2215 | D:4      | Gained mutation: You are weak. (Str -2) [potion of mutation]
  2215 | D:4      | Gained mutation: You evolve. [potion of mutation]
  2304 | D:4      | Gained mutation: You are resistant to hostile enchantments. (MR+) [evolution]
  2789 | D:5      | Entered Level 5 of the Dungeon
  2794 | D:5      | Noticed Iko's ghost (amateur GrCK)
  2799 | D:5      | Reached * piety under Beogh
  2824 | D:5      | Killed Iko's ghost
  2824 | D:5      | Reached skill level 6 in Axes
  2824 | D:5      | Reached XP level 7. HP: 34/60 MP: 6/6
  2962 | D:5      | Reached skill level 5 in Fighting
  2962 | D:5      | Reached skill level 5 in Armour
  3004 | D:5      | Reached skill level 5 in Shields
  3013 | D:5      | Found a shadowy altar of Dithmenos.
  3073 | D:5      | Reached skill level 7 in Axes
  3151 | D:5      | Found a sand-covered staircase.
  3166 | Ossuary  | Entered an ossuary
  3195 | Ossuary  | Reached skill level 8 in Axes
  3195 | Ossuary  | Reached XP level 8. HP: 55/68 MP: 7/7
  3266 | Ossuary  | Lost mutation: You are weak. (Str -2) [potion of mutation]
  3266 | Ossuary  | Lost mutation: You are resistant to hostile enchantments. (MR+) [potion of mutation]
  3266 | Ossuary  | Gained mutation: You are agile. (Dex +2) [potion of mutation]
  3266 | Ossuary  | Gained mutation: Your skin changes colour to match your surroundings (Stealth+). [potion of mutation]
  3266 | Ossuary  | Gained mutation: You are very agile. (Dex +4) [potion of mutation]
  3558 | D:5      | Found Oqyr's Antique Weapon Emporium.
  3892 | D:6      | Reached skill level 9 in Axes
  3915 | D:6      | Reached ** piety under Beogh
  4098 | D:6      | Noticed Menkaure
  4100 | D:6      | Killed Menkaure
  4151 | D:6      | Reached skill level 10 in Axes
  4157 | D:6      | Reached XP level 9. HP: 69/75 MP: 8/8
  4219 | D:6      | Found a staircase to the Ecumenical Temple.
  4665 | D:6      | Found Dubi's Gadget Shoppe.
  4689 | D:6      | Lost mutation: Your magical capacity is low. (-10% MP) [evolution]
  5160 | D:7      | Found a hazy altar of Hepliaklqana.
  5281 | D:7      | Reached skill level 11 in Axes
  5378 | D:7      | Found Naguungo's Weapon Shop.
  5928 | D:8      | Reached *** piety under Beogh
  5975 | D:8      | Reached skill level 1 in Evocations
  5991 | D:8      | Found a roughly hewn altar of Beogh.
  6181 | D:8      | Noticed a two-headed ogre
  6194 | D:8      | Killed a two-headed ogre
  6194 | D:8      | Reached skill level 12 in Axes
  6194 | D:8      | Reached XP level 10. HP: 38/86 MP: 9/11
  6705 | D:8      | Found the +5 scythe "Finisher" {speed, Str+3}
  7084 | D:9      | Got a serpentine silver ring
  7087 | D:9      | Identified the ring "Garphaasch" {Str+4 Dex+2} (You found it on level 9 of the Dungeon)
  7160 | D:9      | Noticed a white ugly thing
  7609 | D:9      | Reached skill level 13 in Axes
  7774 | D:9      | Killed a white ugly thing
  8158 | D:10     | Entered Level 10 of the Dungeon
  8158 | D:10     | Noticed a two-headed ogre
  8161 | D:10     | Noticed an unseen horror
  8162 | D:10     | Killed a two-headed ogre
  8162 | D:10     | Reached XP level 11. HP: 81/95 MP: 12/12
  8455 | D:10     | Killed an unseen horror
  8457 | D:10     | Reached **** piety under Beogh
  8562 | D:10     | Reached skill level 14 in Axes
  8658 | D:10     | Found a staircase to the Lair.
  9454 | Lair:1   | Entered Level 1 of the Lair of Beasts
 10499 | Lair:1   | Reached skill level 10 in Shields
 10502 | Lair:1   | Gained Zartorak as an ally
 10710 | Lair:1   | Gained mutation: You possess an exceptional clarity of mind. [evolution]
 10891 | Lair:2   | Reached skill level 10 in Armour
 11097 | Lair:2   | Noticed Gastronok
 11113 | Lair:2   | Killed Gastronok
 11113 | Lair:2   | Reached skill level 10 in Fighting
 11113 | Lair:2   | Reached XP level 12. HP: 87/106 MP: 13/13
 11834 | Lair:3   | Reached skill level 15 in Axes
 12074 | Lair:3   | Found a staircase to the Shoals.
 12168 | Lair:3   | Reached ***** piety under Beogh
 12482 | Lair:3   | Noticed Nergalle
 12514 | Lair:3   | Killed Nergalle
 13163 | Shoals:1 | Entered Level 1 of the Shoals
 13374 | Shoals:1 | Noticed a merfolk impaler
 13394 | Shoals:1 | Killed a merfolk impaler
 13496 | Shoals:1 | Reached XP level 13. HP: 62/116 MP: 14/14
 13759 | D:11     | Gained mutation: You have sharp toenails. [evolution]
 13767 | D:11     | Gained Zartorak as an ally
 13826 | D:11     | Noticed Fannar
 13836 | D:11     | Killed Fannar
 14112 | D:11     | Noticed Grum
 14119 | D:11     | Killed Grum
 14308 | D:11     | Noticed Harold
 14326 | D:11     | Killed Harold
 14758 | D:11     | Noticed Erica
 14762 | D:11     | Killed Erica
 14987 | D:12     | Reached skill level 16 in Axes
 15032 | D:12     | Noticed Snorg
 15048 | D:12     | Killed Snorg
 15869 | D:12     | Found a roughly hewn altar of Beogh.
 15869 | D:12     | Found a staircase to the Orcish Mines.
 15870 | D:12     | Reached ****** piety under Beogh
 15879 | D:12     | Gained Hilgar as an ally
 16143 | Orc:1    | Entered Level 1 of the Orcish Mines
 16343 | Orc:1    | Gained mutation: You occasionally shout uncontrollably at your foes. [evolution]
 16365 | Orc:1    | Found a roughly hewn altar of Beogh.
 16369 | Orc:1    | Found a flagged portal.
 16400 | Bailey   | Entered a bailey
 16629 | Bailey   | Reached skill level 1 in Invocations
 16979 | Orc:1    | Found a bloodstained altar of Trog.
 17314 | Orc:2    | Entered Level 2 of the Orcish Mines
 17327 | Orc:2    | Killed Azrael
 17330 | Orc:2    | Your ally Zartorak died
 17347 | Orc:2    | Found a roughly hewn altar of Beogh.
 17364 | Orc:2    | Killed cultivahabas's ghost
 17368 | Orc:2    | Noticed an ettin
 17376 | Orc:2    | Killed an ettin
 17377 | Orc:2    | Reached skill level 1 in Long Blades
 17377 | Orc:2    | Reached skill level 1 in Maces & Flails
 17377 | Orc:2    | Reached skill level 1 in Staves
 17377 | Orc:2    | Reached skill level 1 in Bows
 17377 | Orc:2    | Reached skill level 1 in Throwing
 17377 | Orc:2    | Reached skill level 1 in Unarmed Combat
 17377 | Orc:2    | Reached skill level 1 in Spellcasting
 17377 | Orc:2    | Reached XP level 14. HP: 50/127 MP: 15/15
 17830 | Orc:2    | Reached XP level 15. HP: 134/134 MP: 16/16
 18006 | Orc:2    | Found Uceim's Armour Shoppe.
 18032 | Orc:2    | Found Zewi's Food Emporium.
 18165 | Orc:2    | Gained Arbolt as an ally
 18411 | Orc:2    | Found a staircase to the Elven Halls.
 18448 | Orc:2    | Your ally Zartorak died
 18619 | Orc:2    | Gained Margrim as an ally
 18628 | Orc:2    | Noticed Saint Roka
 18630 | Orc:2    | Found a roughly hewn altar of Beogh.
 18644 | Orc:2    | Killed Saint Roka
 18822 | Orc:2    | Found Igguewki's Book Shoppe.
 18898 | Orc:2    | Found Ywileth's Jewellery Shop.
 18952 | Orc:2    | Reached skill level 17 in Axes
 18957 | Orc:2    | Your ally Hilgar died
 19402 | Elf:1    | Entered Level 1 of the Elven Halls
 19407 | Elf:1    | Found a portal to a secret trove of treasure.
 19993 | Elf:1    | Gained Wargrak as an ally
 20042 | Elf:1    | Gained Okrist as an ally
 20073 | Elf:1    | Gained Beowulf as an ally
 20081 | Elf:1    | Noticed an Executioner
 20086 | Elf:1    | Your ally Beowulf died
 20086 | Elf:1    | Gained Margrim as an ally
 20089 | Elf:1    | Your ally Margrim died
 20106 | Elf:1    | Gained Marbork as an ally
 20125 | Elf:1    | Your ally Marbork died
 20398 | Elf:1    | Got an encrusted spear {pain}
 20925 | Elf:2    | Lost mutation: You are very agile. (Dex +4) [evolution]
 20949 | Elf:2    | Found a runed gate.
 20949 | Elf:2    | Found a runed gate.
 20950 | Elf:2    | Found a runed gate.
 21022 | Elf:2    | Reached skill level 18 in Axes
 21035 | Elf:2    | Your ally Okrist died
 21182 | Elf:2    | Your ally Arbolt died
 21508 | Elf:2    | Gained Arbolt as an ally
 21526 | Elf:2    | Your ally Margrim died
 21750 | Elf:2    | Cast into level 3 of the Abyss (double sword of distortion)
 21803 | Abyss:3  | Gained mutation: Armour fits poorly on your strangely shaped body. [a neqoxec]
 21860 | Elf:2    | Escaped the Abyss
 22500 | Elf:2    | Lost mutation: You occasionally shout uncontrollably at your foes. [potion of mutation]
 22500 | Elf:2    | Lost mutation: You are agile. (Dex +2) [potion of mutation]
 22500 | Elf:2    | Gained mutation: You are clumsy. (Dex -2) [potion of mutation]
 22500 | Elf:2    | Gained mutation: You are resistant to hostile enchantments. (MR+) [potion of mutation]
 22500 | Elf:2    | Gained mutation: You are partially covered in thin metallic scales. (AC +2) [potion of mutation]
 22501 | Elf:2    | Lost mutation: Armour fits poorly on your strangely shaped body. [potion of mutation]
 22501 | Elf:2    | Lost mutation: You are resistant to hostile enchantments. (MR+) [potion of mutation]
 22501 | Elf:2    | Lost mutation: You have sharp toenails. [potion of mutation]
 22501 | Elf:2    | Gained mutation: Your flesh is cold resistant. (rC+) [potion of mutation]
 22501 | Elf:2    | Gained mutation: You have a pair of small antennae on your head. [potion of mutation]
 22503 | Elf:3    | Entered Level 3 of the Elven Halls
 22600 | Elf:3    | Noticed Mara
 22601 | Elf:3    | Noticed Krilegs's illusion
 22604 | Elf:3    | Your ally Wargrak died
 22615 | Elf:3    | Your ally Arbolt died
 22623 | Elf:3    | Noticed Krilegs's illusion
 22629 | Elf:3    | Killed Mara
 22629 | Elf:3    | Reached XP level 16. HP: 87/147 MP: 1/18
 22819 | Elf:3    | Found a radiant altar of Vehumet.
 22991 | Elf:3    | Noticed an Ice Fiend
 22993 | Elf:3    | Noticed a deep elf blademaster
 22993 | Elf:3    | Noticed a deep elf master archer
 23021 | Elf:3    | Killed a deep elf blademaster
 23028 | Elf:3    | Killed a deep elf master archer
 23030 | Elf:3    | Your ally died
 23045 | Elf:3    | Reached skill level 15 in Shields
 23047 | Elf:3    | Noticed a deep elf blademaster
 23048 | Elf:3    | Gained Bolgrim as an ally
 23062 | Elf:3    | Killed a deep elf blademaster
 23062 | Elf:3    | Gained Jorge as an ally
 23066 | Elf:3    | Your ally Jorge died
 23071 | Elf:3    | Your ally Bolgrim died
 23077 | Elf:3    | Reached skill level 5 in Invocations
 23082 | Elf:3    | Reached skill level 19 in Axes
 23089 | Elf:3    | Noticed a large abomination
 23091 | Elf:3    | Noticed a deep elf master archer
 23098 | Elf:3    | Noticed a deep elf master archer
 23110 | Elf:3    | Shot with an arrow by a deep elf master archer

Skill      XL: |  1  2  3  4  5  6  7  8  9 10 11 12 13 14 15 16 |
---------------+-------------------------------------------------+-----
Axes           | 3 4 5 6 8 10 12 13 14 15 16 18 19 | 19.1
Fighting       | 4 5 6 7 8 10 11 12 14 | 14.8
Armour         | 4 5 6 7 8 10 11 12 13 14 | 14.6
Shields        | 4 5 6 7 8 10 11 13 14 15 | 15.2
Evocations     | 1 2 3 |  3.1
Invocations    | 2 3 5 |  5.4
Long Blades    | 1 |  1.6
Maces & Flails | 1 |  1.5
Staves         | 1 |  1.5
Bows           | 1 |  1.2
Throwing       | 1 |  1.2
Unarmed Combat | 1 |  1.5
Spellcasting   | 1 |  1.0
Dodging        | |  0.4
Stealth        | |  0.1

Action                   |  1- 3 |  4- 6 |  7- 9 | 10-12 | 13-15 | 16-18 || total
-------------------------+-------+-------+-------+-------+-------+-------++-------
Melee: War axe           |   113 |   114 |   374 |   183 |   436 |    29 ||  1249
       Hand axe          |       |       |       |   269 |       |       ||   269
       Kick              |       |       |       |       |    97 |       ||    97
Invok: Convert to Beogh  |       |     1 |       |       |       |       ||     1
       Smiting           |       |       |       |     1 |     6 |       ||     7
       Recall Orcish Fol |       |       |       |     1 |     8 |       ||     9
       Give Item to Name |       |       |       |     1 |     1 |       ||     2
       Resurrection      |       |       |       |       |     1 |       ||     1
Evoke: Wand              |       |       |    12 |     3 |     3 |     5 ||    23
  Use: Scroll            |     1 |     4 |     7 |    14 |    10 |       ||    36
       Potion            |       |     6 |     7 |    11 |     7 |     5 ||    36
 Stab: Distracted        |       |       |       |    10 |     6 |     1 ||    17
       Held in net/web   |       |       |       |       |     1 |       ||     1
       Paralysed         |       |       |       |       |     1 |       ||     1
  Eat: Ration            |       |     1 |     4 |     7 |     7 |     1 ||    20
       Chunk             |       |     2 |       |     1 |     3 |       ||     6
Armor: Scale mail        |    47 |    33 |    23 |       |       |       ||   103
       Chain mail        |       |       |   125 |       |       |       ||   125
       Plate armour      |       |       |     3 |   158 |   156 |    21 ||   338
Dodge: Dodged            |    30 |    34 |    56 |    66 |   103 |     5 ||   294
Block: Shield            |    77 |    84 |   225 |   315 |   374 |    20 ||  1095
       Reflection        |     4 |     1 |     9 |     2 |    44 |       ||    60
